AoeStats
← Wilypf

Arabia

510545566Analyzed
1v1 RM · 12h ago on Oct 1, 2026· 52m 42s· 2 players
Game mode
Random Map
Map size
Tiny (2 player)
Population
200
Speed
Normal
Resources
Standard
Victory
Conquest
Starting age
Dark Age
Ending age
Imperial Age
RankedLock teamsTeams togetherTeam positionsShared explorationLock speedFull tech treeHidden civsTurbo modeCheats
Victory
Defeat
🇪🇨 Mongols · Ecuador
745
+15
🇩🇪 Hindustanis · Germany
719
-15
Saul Longbowman
3:47 Loom
10:12 Feudal Age
12:47 Double-Bit Axe
13:27 Fletching
18:47 Wheelbarrow
23:05 Castle Age
21:02 Horse Collar
22:54 Padded Archer Armor
24:17 Thumb Ring
24:13 Bodkin Arrow
26:52 Elite Skirmisher
30:10 Leather Archer Armor
32:43 Ballistics
36:57 Scale Barding Armor
37:03 Forging
38:31 Bloodlines
38:42 Husbandry
39:14 Chain Barding Armor
39:37 Iron Casting
40:00 Bow Saw
48:28 Imperial Age
48:33 Heavy Camel Rider
49:50 Plate Barding Armor
49:16 Bracer
Wilypf
4:37 Loom
10:43 Feudal Age
13:19 Double-Bit Axe
17:14 Castle Age
20:11 Gold Mining
24:09 Fletching
25:24 Scale Barding Armor
26:41 Thumb Ring
26:30 Town Watch
28:39 Padded Archer Armor
31:40 Wheelbarrow
32:10 Bloodlines
36:27 Hand Cart
41:08 Imperial Age
40:02 Husbandry
41:45 Ballistics
41:25 Bodkin Arrow
41:59 Town Patrol
42:39 Bow Saw
42:49 Scale Mail Armor
43:05 Forging
44:08 Conscription
47:19 Stone Mining
50:52 Iron Casting
51:22 Bracer
53:04 Chemistry
52:10 Elite Skirmisher
Connection lost

Rejoining the realm…

Still unreachable

The connection could not be restored.

Session expired

The server has moved on; the page needs a fresh start.